[Event "1.FrauenBL 2018-19"]
[Site "Berlin"]
[Date "2019.03.02"]
[Round "10"]
[White "Kiefhaber, Veronika"]
[Black "Rapport, Jovana"]
[Result "0-1"]
[ECO "B22"]
[WhiteElo "2151"]
[BlackElo "2388"]
[Annotator "NA"]
[PlyCount "184"]
[EventDate "2018.10.27"]
[EventType "team-tourn"]
[EventCountry "GER"]
[SourceTitle "playchess.com"]
[Source "ChessBase"]
[SourceQuality "1"]
[WhiteTeam "Karlsruher SF"]
[BlackTeam "SK Schwaebisch Hall"]
[TimeControl "40/5400+30:1800+30"]

1. e4 c5 2. c3 e6 3. d4 d5 4. exd5 exd5 5. Be3 cxd4 6. Bxd4 Nc6 7. Nf3 a6 8. Bd3 Nxd4 9. cxd4 Bb4+ 10. Nc3 Qe7+ 11. Qe2 Qxe2+ 12. Bxe2 Ne7 13. Rc1 Bd6 14. Na4 Bg4 15. O-O f6 16. Rfe1 O-O 17. a3 Nc6 18. Nb6 Bf4 19. Rc5 Rae8 20. Kf1 Bb8 21. Nxd5 Bxf3 22. Bxf3 Rxe1+ 23. Kxe1 Nxd4 24. Bd1 Rd8 25. Ne3 Kf7 26. g3 Be5 27. Bg4 g6 28. Rc8 Ke7 29. Rxd8 Kxd8 30. Kd2 f5 31. Bd1 b5 32. Kd3 Kd7 33. b3 Kd6 34. f4 Bg7 35. Nf1 Ne6 36. Nd2 Nc5+ 37. Ke3 Bb2 38. Nb1 a5 39. Bc2 Kd5 40. Bd1 Bc1+ 41. Ke2 Kd4 42. Bc2 b4 43. axb4 axb4 44. Bd1 h5 45. Bc2 h4 46. gxh4 Bxf4 47. h5 gxh5 48. Bxf5 Bxh2 49. Nd2 Bg3 50. Bg6 h4 51. Kf3 Be1 52. Nc4 Nxb3 53. Ne3 Kc3 54. Nd5+ Kb2 55. Kg4 Ka3 56. Ne3 Bf2 57. Nd5 Nd4 58. Nxb4 Kxb4 59. Be4 Kc3 60. Kh3 Kd2 61. Kg2 Ke2 62. Bd5 Nf5 63. Bf3+ Ke1 64. Bc6 Ne3+ 65. Kh1 Bg3 66. Bd7 Kf2 67. Be6 Bd6 68. Bh3 Nd5 69. Be6 Nf4 70. Bg4 Kg3 71. Bd7 Nd3 72. Bc6 Ne5 73. Bd5 h3 74. Kg1 Bc5+ 75. Kf1 Ng4 76. Ke2 Ne3 77. Bc6 Bb6 78. Bb7 Bd4 79. Bc6 Ba7 80. Bb7 Bb6 81. Bc6 Bd4 82. Bb7 Bc5 83. Bc6 h2 84. Bh1 Nf5 85. Kf1 Kh3 86. Bg2+ Kh4 87. Ke1 Kg3 88. Bh1 Kf4 89. Bc6 Ke3 90. Bd5 Bb4+ 91. Kd1 Kf2 92. Bc6 Ne3+ 0-1

[Event "1.FrauenBL 2018-19"]
[Site "Berlin"]
[Date "2019.03.02"]
[Round "10.1"]
[White "Bodnaruk, Anastasia"]
[Black "Socko, Monika"]
[Result "1/2-1/2"]
[ECO "B12"]
[WhiteElo "2422"]
[BlackElo "2442"]
[Annotator "NA"]
[PlyCount "85"]
[EventDate "2018.10.27"]
[EventType "team-tourn"]
[EventCountry "GER"]
[SourceTitle "playchess.com"]
[Source "ChessBase"]
[SourceQuality "1"]
[WhiteTeam "Rodewischer SM"]
[BlackTeam "Hamburger SK"]
[TimeControl "40/5400+30:1800+30"]

1. e4 c6 2. d4 d5 3. e5 c5 4. c3 Nc6 5. Be2 Bf5 6. Nf3 e6 7. O-O Nge7 8. dxc5 Bxb1 9. Rxb1 Ng6 10. b4 Be7 11. Bb5 O-O 12. Bxc6 bxc6 13. Qe2 Qc7 14. Re1 Rae8 15. Nd4 Qc8 16. f4 f6 17. Bd2 Bd8 18. g3 Rf7 19. Rf1 Ref8 20. exf6 Bxf6 21. Nxe6 Re8 22. f5 Nf8 23. Rbe1 Rfe7 24. Qf3 Nxe6 25. fxe6 Rxe6 26. Rxe6 Rxe6 27. Bg5 Qe8 28. Bxf6 Rxf6 29. Qd3 Re6 30. c4 Re3 31. Qc2 d4 32. Qf5 d3 33. b5 g6 34. Qf4 Re1 35. b6 axb6 36. cxb6 Rxf1+ 37. Qxf1 d2 38. b7 Qe3+ 39. Kg2 Qe4+ 40. Kh3 Qe6+ 41. Kg2 Qe4+ 42. Kh3 Qe6+ 43. Kg2 1/2-1/2

[Event "1.FrauenBL 2018-19"]
[Site "Berlin"]
[Date "2019.03.02"]
[Round "10.1"]
[White "Shvayger, Yuliya"]
[Black "Kosteniuk, Alexandra"]
[Result "1/2-1/2"]
[ECO "C68"]
[WhiteElo "2368"]
[BlackElo "2545"]
[Annotator "ChessBase"]
[PlyCount "62"]
[EventDate "2018.10.27"]
[EventType "team-tourn"]
[EventCountry "GER"]
[SourceTitle "playchess.com"]
[Source "ChessBase"]
[SourceQuality "1"]
[WhiteTeam "SF Deizisau"]
[BlackTeam "OSG Baden-Baden"]
[TimeControl "40/5400+30:1800+30"]

1. e4 e5 2. Nf3 Nc6 3. Bb5 a6 4. Bxc6 dxc6 5. O-O Qf6 6. d4 exd4 7. Bg5 Qd6 8. Nxd4 Be7 9. Be3 Nf6 10. f3 c5 11. Ne2 Be6 12. Nbc3 O-O-O 13. Qxd6 cxd6 14. Nf4 d5 15. exd5 Nxd5 16. Ncxd5 Bxd5 17. Nxd5 Rxd5 18. Rad1 Rhd8 19. Rxd5 Rxd5 20. c4 Rd3 21. Kf2 Bf6 22. Ke2 Rd6 23. b3 Bd4 24. Bxd4 Rxd4 25. Rd1 Rxd1 26. Kxd1 Kd7 27. Ke2 Ke6 28. Ke3 f5 29. f4 h6 30. g3 g6 31. h4 h5 1/2-1/2

[Event "1.FrauenBL 2018-19"]
[Site "Berlin"]
[Date "2019.03.02"]
[Round "10.1"]
[White "Wagner-Michel, Annett"]
[Black "Mar, Karmen"]
[Result "1/2-1/2"]
[ECO "B51"]
[WhiteElo "2059"]
[BlackElo "2033"]
[Annotator "NA"]
[PlyCount "93"]
[EventDate "2018.10.27"]
[EventType "team-tourn"]
[EventCountry "GER"]
[SourceTitle "playchess.com"]
[Source "ChessBase"]
[SourceQuality "1"]
[WhiteTeam "Pankow"]
[BlackTeam "Hofheim"]
[TimeControl "40/5400+30:1800+30"]

1. e4 c5 2. Nf3 d6 3. Bb5+ Nd7 4. Nc3 a6 5. Bxd7+ Bxd7 6. d4 cxd4 7. Qxd4 e5 8. Qd3 Rc8 9. a4 Qc7 10. O-O h6 11. Be3 Nf6 12. h3 Be7 13. Rfd1 Be6 14. Ne1 O-O 15. a5 Rfe8 16. Kh1 Bc4 17. Qd2 Qc6 18. f3 Nh5 19. Nd3 f5 20. Nb4 Qd7 21. Nbd5 Bd8 22. Bf2 fxe4 23. Nxe4 Qe6 24. Ne3 d5 25. Nxc4 Rxc4 26. Nc5 Qc6 27. b4 Bg5 28. Qxd5+ Qxd5 29. Rxd5 Rxc2 30. Ne4 Nf4 31. Rd7 Re7 32. Rad1 Rxd7 33. Rxd7 Ne2 34. h4 Bf4 35. g3 Bc1 36. Rxb7 Nd4 37. Rb8+ Kh7 38. Rf8 Rb2 39. Be1 Rb1 40. Kg2 Nc2 41. Bc3 Ne3+ 42. Kh2 Bb2 43. Re8 Nf1+ 44. Kg2 Ne3+ 45. Kh2 Nf1+ 46. Kg2 Ne3+ 47. Kh2 1/2-1/2

[Event "1.FrauenBL 2018-19"]
[Site "Berlin"]
[Date "2019.03.02"]
[Round "10.2"]
[White "Khademalsharieh, Sarasadat"]
[Black "Majdan, Joanna"]
[Result "1-0"]
[ECO "E68"]
[WhiteElo "2482"]
[BlackElo "2387"]
[Annotator "RC"]
[PlyCount "77"]
[EventDate "2018.10.27"]
[EventType "team-tourn"]
[EventCountry "GER"]
[SourceTitle "playchess.com"]
[Source "ChessBase"]
[SourceQuality "1"]
[WhiteTeam "Hamburger SK"]
[BlackTeam "Rodewischer SM"]
[TimeControl "40/5400+30:1800+30"]

1. Nf3 Nf6 2. c4 g6 3. d4 Bg7 4. g3 O-O 5. Bg2 d6 6. Nc3 Nbd7 7. O-O e5 8. e4 exd4 9. Nxd4 Re8 10. h3 Nc5 11. Re1 Bd7 12. Rb1 h6 13. Kh2 a5 14. b3 Re5 15. f4 Rh5 16. f5 gxf5 17. Nd5 Ncxe4 18. Nxf6+ Nxf6 19. Bf4 Qb8 20. Kg1 Qa7 21. Be3 Re8 22. Nxf5 Rxe3 23. Nxe3 Re5 24. Qd2 Ne4 25. Bxe4 Rxe4 26. Kh2 Rd4 27. Qg2 Qc5 28. Nd5 c6 29. Nf4 h5 30. Re7 Bf5 31. Rf1 h4 32. g4 Rxf4 33. Rxf4 Bg6 34. Re8+ Kh7 35. Qf2 Qg5 36. Rxf7 Bxf7 37. Qxf7 Qd2+ 38. Kg1 Qd4+ 39. Kg2 1-0

[Event "1.FrauenBL 2018-19"]
[Site "Berlin"]
[Date "2019.03.02"]
[Round "10.2"]
[White "Winterholler, Christina"]
[Black "Goehler, Antje"]
[Result "1/2-1/2"]
[ECO "B50"]
[WhiteElo "2058"]
[BlackElo "2099"]
[Annotator "NA"]
[PlyCount "157"]
[EventDate "2018.10.27"]
[EventType "team-tourn"]
[EventCountry "GER"]
[SourceTitle "playchess.com"]
[Source "ChessBase"]
[SourceQuality "1"]
[WhiteTeam "Hofheim"]
[BlackTeam "Pankow"]
[TimeControl "40/5400+30:1800+30"]

1. e4 c5 2. b3 a6 3. Bb2 Nc6 4. Nf3 d6 5. d4 cxd4 6. Nxd4 e6 7. Bd3 Nf6 8. Nd2 Be7 9. Qe2 Ne5 10. O-O O-O 11. c4 Nxd3 12. Qxd3 Qc7 13. Rac1 Rd8 14. Qe2 Bd7 15. Kh1 Qa5 16. a3 Qh5 17. f3 e5 18. Nc2 Ne8 19. Ne3 Be6 20. Rfd1 Bg5 21. Ndf1 Qh6 22. Rc3 g6 23. Rcd3 f5 24. exf5 gxf5 25. Nd5 Bxd5 26. Rxd5 Nc7 27. R5d3 Qe6 28. Bc3 b5 29. c5 dxc5 30. Qxe5 Qxe5 31. Bxe5 Ne6 32. Ng3 f4 33. Ne4 Rxd3 34. Rxd3 Rd8 35. Rd6 Be7 36. Rxd8+ Bxd8 37. Bd6 c4 38. bxc4 bxc4 39. Bb4 a5 40. Bc3 Be7 41. Bxa5 Bxa3 42. Nd2 Bc5 43. Nxc4 Nd4 44. Bc7 Ne2 45. g3 fxg3 46. hxg3 Nd4 47. Kg2 Nf5 48. Bb6 Bb4 49. g4 Nd6 50. Ne5 Bc3 51. Nd3 Nc4 52. Bc7 Ne3+ 53. Kg3 Nd5 54. Bd6 Ba5 55. f4 Nf6 56. Kf3 Bd2 57. g5 Nh5 58. Ke4 Ng3+ 59. Ke5 Kf7 60. Nc5 Kg6 61. Nd7 h5 62. gxh6 Kxh6 63. Ke6 Ne4 64. Bf8+ Kh7 65. f5 Bc3 66. Be7 Ng3 67. f6 Bxf6 68. Kxf6 Kh6 69. Ne5 Kh5 70. Ke6 Kh6 71. Bh4 Nh5 72. Kf7 Nf4 73. Bg3 Kg5 74. Be1 Kf5 75. Nc6 Nd5 76. Bd2 Ke4 77. Ke6 Nf4+ 78. Kd6 Nd5 79. Kc5 1/2-1/2

[Event "1.FrauenBL 2018-19"]
[Site "Berlin"]
[Date "2019.03.02"]
[Round "10.3"]
[White "Sieber, Fiona"]
[Black "Schneider, Jana"]
[Result "0-1"]
[ECO "C78"]
[WhiteElo "2331"]
[BlackElo "2201"]
[Annotator "NA"]
[PlyCount "62"]
[EventDate "2018.10.27"]
[EventType "team-tourn"]
[EventCountry "GER"]
[SourceTitle "playchess.com"]
[Source "ChessBase"]
[SourceQuality "1"]
[WhiteTeam "SK Lehrte"]
[BlackTeam "Bad Koenigshofen"]
[TimeControl "40/5400+30:1800+30"]

1. e4 e5 2. Nf3 Nc6 3. Bb5 a6 4. Ba4 Nf6 5. O-O b5 6. Bb3 Bc5 7. a4 Rb8 8. c3 d6 9. d4 Bb6 10. a5 Ba7 11. Be3 Bg4 12. Nbd2 O-O 13. h3 Bh5 14. Qc2 Re8 15. d5 Bxe3 16. fxe3 Ne7 17. c4 c6 18. dxc6 Nxc6 19. cxb5 Nxa5 20. bxa6 Nxb3 21. Nxb3 Qb6 22. Nbd2 Qxe3+ 23. Kh1 Rbc8 24. Nc4 Qc5 25. a7 Bg6 26. Nfd2 h6 27. Qb1 d5 28. Nxe5 Nxe4 29. Nxe4 Bxe4 30. b4 Qc3 31. Rc1 Qxh3+ 0-1

[Event "1.FrauenBL 2018-19"]
[Site "Berlin"]
[Date "2019.03.02"]
[Round "10.3"]
[White "Lubbe, Melanie"]
[Black "Hoolt, Sarah"]
[Result "1/2-1/2"]
[ECO "C11"]
[WhiteElo "2288"]
[BlackElo "2324"]
[Annotator "NA"]
[PlyCount "80"]
[EventDate "2018.10.27"]
[EventType "team-tourn"]
[EventCountry "GER"]
[SourceTitle "playchess.com"]
[Source "ChessBase"]
[SourceQuality "1"]
[WhiteTeam "Rodewischer SM"]
[BlackTeam "Hamburger SK"]
[TimeControl "40/5400+30:1800+30"]

1. e4 e6 2. d4 d5 3. Nc3 Nf6 4. e5 Nfd7 5. f4 c5 6. Nf3 Nc6 7. Be3 Be7 8. Qd2 O-O 9. dxc5 Bxc5 10. O-O-O Qb6 11. Bxc5 Nxc5 12. Nd4 Rd8 13. Kb1 Bd7 14. h4 Ne4 15. Nxe4 dxe4 16. Be2 Be8 17. c3 Nxd4 18. cxd4 Ba4 19. b3 Rd7 20. f5 exf5 21. d5 Bb5 22. g4 fxg4 23. d6 e3 24. Qc2 h5 25. Rhe1 Bc6 26. Bc4 Re8 27. Qf5 Qc5 28. Bd5 Bxd5 29. Qxd7 Be4+ 30. Kb2 Qxe5+ 31. Ka3 Qc5+ 32. Kb2 Qe5+ 33. Ka3 Qc5+ 34. Kb2 Qc2+ 35. Ka3 Bc6 36. Qc7 Re4 37. Qc8+ Kh7 38. Qf5+ Kg8 39. Qc8+ Kh7 40. Qf5+ Kg8 1/2-1/2

[Event "1.FrauenBL 2018-19"]
[Site "Berlin"]
[Date "2019.03.02"]
[Round "10.3"]
[White "Heyme, Sibylle"]
[Black "Roessler, Ulrike"]
[Result "0-1"]
[ECO "B07"]
[WhiteElo "2025"]
[BlackElo "2126"]
[Annotator "NA"]
[PlyCount "120"]
[EventDate "2018.10.27"]
[EventType "team-tourn"]
[EventCountry "GER"]
[SourceTitle "playchess.com"]
[Source "ChessBase"]
[SourceQuality "1"]
[WhiteTeam "Pankow"]
[BlackTeam "Hofheim"]
[TimeControl "40/5400+30:1800+30"]

1. e4 d6 2. d4 Nf6 3. Nc3 g6 4. Be3 c6 5. a4 Nbd7 6. f3 Bg7 7. Bc4 d5 8. exd5 Nb6 9. Bb3 Nbxd5 10. Nxd5 Nxd5 11. Bf2 Bh6 12. Bxd5 Qxd5 13. Ne2 Qa5+ 14. c3 Be6 15. O-O O-O 16. Re1 Rfd8 17. Ng3 Qd5 18. Qe2 Rd7 19. Ne4 b6 20. a5 Rad8 21. h4 Qc4 22. Qxc4 Bxc4 23. axb6 axb6 24. Ra3 Rd5 25. b3 Bd3 26. c4 R5d7 27. Ng5 Bg7 28. d5 cxd5 29. Bxb6 Rb8 30. c5 Bc3 31. c6 Rd6 32. Rxe7 Rxc6 33. Bf2 Bb4 34. Raa7 Bxe7 35. Rxe7 Bf5 36. Nxf7 Rxb3 37. Nh6+ Kf8 38. Rxh7 Rb2 39. Bd4 Rd2 40. Bg7+ Ke8 41. Rh8+ Kd7 42. Nxf5 gxf5 43. Be5 Re2 44. Rh7+ Ke8 45. Bf4 Rg6 46. Bg5 Ra6 47. Rh8+ Kf7 48. Rh7+ Kg8 49. Rd7 Raa2 50. Rd8+ Kf7 51. Rxd5 Rxg2+ 52. Kh1 Rge2 53. Rd1 Rf2 54. f4 Kg6 55. Kg1 Kh5 56. Rc1 Kg4 57. Rb1 Rf3 58. Rd1 Kh3 59. h5 Rg2+ 60. Kh1 Rfg3 0-1

[Event "1.FrauenBL 2018-19"]
[Site "Berlin"]
[Date "2019.03.02"]
[Round "10.4"]
[White "Melamed, Tatjana"]
[Black "Hapala, Elisabeth"]
[Result "1-0"]
[ECO "C00"]
[WhiteElo "2359"]
[BlackElo "2143"]
[Annotator "NA"]
[PlyCount "111"]
[EventDate "2018.10.27"]
[EventType "team-tourn"]
[EventCountry "GER"]
[SourceTitle "playchess.com"]
[Source "ChessBase"]
[SourceQuality "1"]
[WhiteTeam "Bad Koenigshofen"]
[BlackTeam "SK Lehrte"]
[TimeControl "40/5400+30:1800+30"]

1. e4 c5 2. Nf3 e6 3. g3 Nc6 4. Bg2 Nf6 5. Qe2 d6 6. O-O Be7 7. c3 O-O 8. d4 cxd4 9. cxd4 d5 10. e5 Ne4 11. Be3 Bd7 12. Ne1 f6 13. f3 Ng5 14. Nd2 Qb6 15. Nd3 Nb4 16. exf6 Bxf6 17. Nxb4 Qxb4 18. Nb3 Bb5 19. Qe1 Qd6 20. Rf2 Rae8 21. Bf4 Qb6 22. Qd2 Nf7 23. a4 Bc6 24. Nc5 e5 25. a5 Qd8 26. dxe5 Nxe5 27. Bxe5 Rxe5 28. f4 Re7 29. Rd1 d4 30. Bxc6 bxc6 31. Nd3 Rfe8 32. b4 Qd5 33. Qa2 Qxa2 34. Rxa2 Re2 35. Rdd2 Rxd2 36. Rxd2 Kf7 37. Kf2 Re3 38. Nc5 Ke7 39. Re2 Rxe2+ 40. Kxe2 g6 41. Kd3 Bg7 42. Nb3 Kd6 43. Kc4 d3 44. Nc5 d2 45. Ne4+ Ke6 46. Nxd2 Kf5 47. Nf3 Kg4 48. Ne5+ Kh3 49. Nxc6 Kxh2 50. b5 Kxg3 51. b6 axb6 52. axb6 Bh6 53. Kd5 Bxf4 54. Ne5 Be3 55. b7 Ba7 56. Nc6 1-0

[Event "1.FrauenBL 2018-19"]
[Site "Berlin"]
[Date "2019.03.02"]
[Round "10.4"]
[White "Osmanodja, Filiz"]
[Black "Movsesian, Julia"]
[Result "0-1"]
[ECO "C70"]
[WhiteElo "2326"]
[BlackElo "2324"]
[Annotator "NA"]
[PlyCount "98"]
[EventDate "2018.10.27"]
[EventType "team-tourn"]
[EventCountry "GER"]
[SourceTitle "playchess.com"]
[Source "ChessBase"]
[SourceQuality "1"]
[WhiteTeam "Hamburger SK"]
[BlackTeam "Rodewischer SM"]
[TimeControl "40/5400+30:1800+30"]

1. e4 e5 2. Nf3 Nc6 3. Bb5 a6 4. Ba4 Nge7 5. Nc3 g6 6. d4 exd4 7. Nd5 Bg7 8. Bg5 h6 9. Bf6 Bxf6 10. Nxf6+ Kf8 11. Nxd4 Kg7 12. Ng4 d6 13. h3 Bxg4 14. hxg4 b5 15. Bb3 Qd7 16. a4 b4 17. a5 Ne5 18. f4 Nxg4 19. Ne6+ fxe6 20. Qxg4 d5 21. O-O-O Rad8 22. exd5 exd5 23. Qe2 Qd6 24. Rhe1 Rhe8 25. Qd2 c6 26. g4 Ng8 27. f5 g5 28. Qd4+ Nf6 29. Qa7+ Qd7 30. Qxa6 Ra8 31. Qb6 Qa7 32. Qxc6 Qxa5 33. Qb7+ Kh8 34. Qf7 Qa1+ 35. Kd2 Qxb2 36. Rxe8+ Rxe8 37. Rh1 Ne4+ 38. Ke2 Nd6+ 39. Qxe8+ Nxe8 40. Rxh6+ Kg7 41. Rg6+ Kf8 42. Rxg5 Qe5+ 43. Kf3 Nf6 44. Rg6 Qe4+ 45. Kg3 Qe3+ 46. Kh4 Qf2+ 47. Kh3 Ne4 48. Rg8+ Kxg8 49. Bxd5+ Kg7 0-1

[Event "1.FrauenBL 2018-19"]
[Site "Berlin"]
[Date "2019.03.02"]
[Round "10.4"]
[White "Barpiyeva, Gulsana"]
[Black "Mai, Iris"]
[Result "0-1"]
[ECO "D46"]
[WhiteElo "2028"]
[BlackElo "2035"]
[Annotator "NA"]
[PlyCount "98"]
[EventDate "2018.10.27"]
[EventType "team-tourn"]
[EventCountry "GER"]
[SourceTitle "playchess.com"]
[Source "ChessBase"]
[SourceQuality "1"]
[WhiteTeam "Hofheim"]
[BlackTeam "Pankow"]
[TimeControl "40/5400+30:1800+30"]

1. d4 d5 2. c4 e6 3. Nc3 c6 4. e3 Nf6 5. Nf3 Nbd7 6. Bd3 Be7 7. O-O O-O 8. b3 Re8 9. Bb2 b6 10. Rc1 Bb7 11. Qe2 Bd6 12. Rfd1 Qe7 13. cxd5 exd5 14. Nh4 Qd8 15. Nf5 Bf8 16. Qc2 g6 17. Ng3 Rc8 18. Qb1 Ng4 19. Re1 Qh4 20. Nf1 Qxf2+ 21. Kh1 Qh4 22. Re2 Nf2+ 23. Kg1 Nxd3 24. Qxd3 Nf6 25. Rce1 Ne4 26. Nxe4 Qxe4 27. Qc3 a5 28. Ng3 Qg4 29. a3 h5 30. Rf2 Ba6 31. Ne2 Bxe2 32. Rfxe2 Re4 33. Rf2 Qe6 34. Bc1 Bh6 35. Rc2 h4 36. Qd3 h3 37. g3 Bg7 38. Rd1 Bf6 39. Bd2 Re8 40. Rdc1 Qg4 41. Qf1 Bg5 42. Rxc6 Rxe3 43. Be1 Rf3 44. Bf2 Rxf2 45. Ra1 Z0 46. Qd1 Qf4 47. gxf4 Z0 48. Rc4 Z0 49. a4 Rf1+ {Bd7+ [%clk ] --- [%clk ] e5+ [%clk ]} 0-1

[Event "1.FrauenBL 2018-19"]
[Site "Berlin"]
[Date "2019.03.02"]
[Round "10.5"]
[White "Misanovic, Vesna"]
[Black "Arakhamia-Grant, Ketevan"]
[Result "1/2-1/2"]
[ECO "E70"]
[WhiteElo "2249"]
[BlackElo "2359"]
[Annotator "NA"]
[PlyCount "41"]
[EventDate "2018.10.27"]
[EventType "team-tourn"]
[EventCountry "GER"]
[SourceTitle "playchess.com"]
[Source "ChessBase"]
[SourceQuality "1"]
[WhiteTeam "SF Deizisau"]
[BlackTeam "OSG Baden-Baden"]
[TimeControl "40/5400+30:1800+30"]

1. d4 Nf6 2. c4 g6 3. Nc3 Bg7 4. e4 d6 5. Bd3 O-O 6. Nge2 Nc6 7. O-O e5 8. d5 Nd4 9. Nxd4 exd4 10. Nb5 Re8 11. Nxd4 Nxe4 12. Bc2 Bd7 13. Rb1 Qh4 14. Nf3 Qh5 15. Ba4 b5 16. Bxb5 Bxb5 17. cxb5 Nf6 18. Bg5 Ne4 19. Be3 Nf6 20. Bg5 Ne4 21. Be3 1/2-1/2

[Event "1.FrauenBL 2018-19"]
[Site "Berlin"]
[Date "2019.03.02"]
[Round "10.5"]
[White "Warakomska, Anna"]
[Black "Fuchs, Judith"]
[Result "1-0"]
[ECO "A45"]
[WhiteElo "2214"]
[BlackElo "2256"]
[Annotator "NA"]
[PlyCount "43"]
[EventDate "2018.10.27"]
[EventType "team-tourn"]
[EventCountry "GER"]
[SourceTitle "playchess.com"]
[Source "ChessBase"]
[SourceQuality "1"]
[WhiteTeam "Rodewischer SM"]
[BlackTeam "Hamburger SK"]
[TimeControl "40/5400+30:1800+30"]

1. d4 Nf6 2. Bf4 c5 3. e3 Qb6 4. dxc5 Qxb2 5. Nd2 Nc6 6. Ngf3 Qc3 7. Bc4 e5 8. Bg3 Bxc5 9. O-O O-O 10. Rb1 d6 11. Bh4 Bf5 12. Bxf6 gxf6 13. e4 Bg4 14. Rb3 Bxf3 15. Qc1 Qa5 16. Nxf3 d5 17. Qh6 Ne7 18. Nh4 Rfd8 19. Nf5 Nxf5 20. exf5 Bxf2+ 21. Rxf2 Qe1+ 22. Bf1 1-0

[Event "1.FrauenBL 2018-19"]
[Site "Berlin"]
[Date "2019.03.02"]
[Round "10.5"]
[White "Duessler, Stefanie"]
[Black "Savina, Anastasia"]
[Result "0-1"]
[ECO "B31"]
[WhiteElo "2105"]
[BlackElo "2350"]
[Annotator "NA"]
[PlyCount "92"]
[EventDate "2018.10.27"]
[EventType "team-tourn"]
[EventCountry "GER"]
[SourceTitle "playchess.com"]
[Source "ChessBase"]
[SourceQuality "1"]
[WhiteTeam "SK Lehrte"]
[BlackTeam "Bad Koenigshofen"]
[TimeControl "40/5400+30:1800+30"]

1. e4 c5 2. Nf3 Nc6 3. Bb5 g6 4. Bxc6 bxc6 5. O-O Bg7 6. c3 Nf6 7. Re1 O-O 8. d4 cxd4 9. cxd4 d5 10. e5 Ne4 11. Nc3 Nxc3 12. bxc3 Qa5 13. Qb3 Bg4 14. Nd2 Bh6 15. Qb4 Qxb4 16. cxb4 Rfb8 17. h3 Bf5 18. a3 a5 19. bxa5 Bf8 20. Nf1 Rxa5 21. Ne3 Bd3 22. Rd1 Be2 23. Rd2 Bb5 24. Rb2 Ra4 25. Nc2 e6 26. Bd2 Rba8 27. Bb4 Bd3 28. Rc1 Bxc2 29. Rcxc2 Bxb4 30. Rxb4 Rxb4 31. axb4 Ra1+ 32. Kh2 Rb1 33. Rxc6 Rxb4 34. Kg3 g5 35. h4 gxh4+ 36. Kxh4 Rxd4+ 37. Kg3 Kg7 38. f4 Kg6 39. Kf3 Rc4 40. Rd6 Rc3+ 41. Kf2 Kf5 42. g3 Rc7 43. Rd8 Ke4 44. Rh8 Rc2+ 45. Ke1 Ke3 46. Kd1 Rh2 0-1

[Event "1.FrauenBL 2018-19"]
[Site "Berlin"]
[Date "2019.03.02"]
[Round "10.6"]
[White "Obolentseva, Alexandra"]
[Black "Boehm, Jana"]
[Result "1/2-1/2"]
[ECO "D95"]
[WhiteElo "2324"]
[BlackElo "2004"]
[Annotator "NA"]
[PlyCount "110"]
[EventDate "2018.10.27"]
[EventType "team-tourn"]
[EventCountry "GER"]
[SourceTitle "playchess.com"]
[Source "ChessBase"]
[SourceQuality "1"]
[WhiteTeam "Bad Koenigshofen"]
[BlackTeam "SK Lehrte"]
[TimeControl "40/5400+30:1800+30"]

1. d4 Nf6 2. c4 g6 3. Nc3 d5 4. e3 Bg7 5. Qb3 c6 6. Nf3 O-O 7. cxd5 cxd5 8. Bd3 Nc6 9. O-O Na5 10. Qc2 Bg4 11. Ne5 Rc8 12. b3 Nc6 13. Nxg4 Nxg4 14. Qe2 h5 15. h3 Nf6 16. Bb2 Qd7 17. Rac1 Qe6 18. Na4 Nd7 19. Ba3 a6 20. Rc2 b5 21. Nc5 Nxc5 22. Bxc5 Na5 23. Rfc1 Nb7 24. Bb4 Bf6 25. Qf3 Rxc2 26. Rxc2 Qd7 27. Qd1 Rc8 28. a4 bxa4 29. bxa4 a5 30. Bd2 Rxc2 31. Qxc2 e6 32. Ba6 Bd8 33. Bb5 Qc7 34. Qb3 Nd6 35. Bd3 Qb6 36. Qc2 Kg7 37. Kf1 Qc7 38. Qb3 Qb6 39. Qc3 Qc7 40. Ke2 Qxc3 41. Bxc3 f5 42. Bb2 Kf6 43. f3 Bb6 44. Ba3 Bc7 45. Bb5 Kf7 46. Kd3 Kf6 47. Bc6 g5 48. e4 fxe4+ 49. fxe4 Nxe4 50. Be8 h4 51. Bb2 Bb6 52. Bc3 Kf5 53. Be1 Kf6 54. Bc3 Kf5 55. Be1 Kf6 1/2-1/2

[Event "1.FrauenBL 2018-19"]
[Site "Berlin"]
[Date "2019.03.02"]
[Round "10.6"]
[White "Heinemann, Josefine"]
[Black "Straub, Natalia"]
[Result "1-0"]
[ECO "C10"]
[WhiteElo "2238"]
[BlackElo "2146"]
[Annotator "NA"]
[PlyCount "83"]
[EventDate "2018.10.27"]
[EventType "team-tourn"]
[EventCountry "GER"]
[SourceTitle "playchess.com"]
[Source "ChessBase"]
[SourceQuality "1"]
[WhiteTeam "OSG Baden-Baden"]
[BlackTeam "SF Deizisau"]
[TimeControl "40/5400+30:1800+30"]

1. e4 e6 2. d4 d5 3. Nd2 dxe4 4. Nxe4 Nd7 5. Nf3 Ngf6 6. Nxf6+ Nxf6 7. g3 c5 8. Bg2 cxd4 9. Qxd4 Qxd4 10. Nxd4 a6 11. O-O Bd6 12. Rd1 Bc7 13. c4 O-O 14. b3 Re8 15. Nc2 h6 16. Ba3 Ra7 17. Bd6 Bxd6 18. Rxd6 Kf8 19. Rad1 Ke7 20. Ne3 b5 21. c5 Bd7 22. c6 Bc8 23. R6d2 Rc7 24. f4 g5 25. fxg5 hxg5 26. Rf1 Rf8 27. Re1 Ra7 28. b4 e5 29. Nd5+ Nxd5 30. Rxe5+ Be6 31. Rdxd5 f6 32. Re2 Kf7 33. Rd6 Bc4 34. Red2 Re8 35. Kf2 Ree7 36. a3 a5 37. Rd7 axb4 38. axb4 Rc7 39. Rxc7 Rxc7 40. Rd7+ Rxd7 41. cxd7 Ke7 42. Bc6 1-0

[Event "1.FrauenBL 2018-19"]
[Site "Berlin"]
[Date "2019.03.02"]
[Round "10.6"]
[White "Zahn, Alina"]
[Black "Korenova, Martina"]
[Result "1-0"]
[ECO "C54"]
[WhiteElo "2117"]
[BlackElo "2172"]
[Annotator "NA"]
[PlyCount "101"]
[EventDate "2018.10.27"]
[EventType "team-tourn"]
[EventCountry "GER"]
[SourceTitle "playchess.com"]
[Source "ChessBase"]
[SourceQuality "1"]
[WhiteTeam "Hamburger SK"]
[BlackTeam "Rodewischer SM"]
[TimeControl "40/5400+30:1800+30"]

1. e4 e5 2. Nf3 Nc6 3. Bc4 Bc5 4. c3 Nf6 5. d3 d6 6. Bb3 O-O 7. O-O a5 8. h3 Re8 9. Re1 h6 10. Nbd2 b5 11. a4 b4 12. Nc4 bxc3 13. bxc3 Rb8 14. Be3 Bxe3 15. Nxe3 Be6 16. Rb1 Qd7 17. Bc4 Bxc4 18. Nxc4 Rxb1 19. Qxb1 Rb8 20. Qc2 Qd8 21. Rb1 Rxb1+ 22. Qxb1 Qa8 23. Qb5 g6 24. Nfd2 Kg7 25. Nb3 Nd7 26. Ne3 Nb6 27. Nd5 Nxd5 28. exd5 Ne7 29. c4 c6 30. Qb6 Kf8 31. dxc6 Nxc6 32. Qc7 Qb8 33. Qxc6 Qxb3 34. Qxd6+ Kg8 35. Qd8+ Kh7 36. Qxa5 Qxd3 37. Qd5 Qf5 38. c5 Qf4 39. g3 Qxa4 40. Qxf7+ Kh8 41. Qf6+ Kh7 42. Qxe5 Qd1+ 43. Kg2 Qc2 44. Qd5 Kg7 45. c6 h5 46. h4 Kf6 47. Qd8+ Kf7 48. c7 Qc6+ 49. Kh2 Qc5 50. Qd7+ Kf6 51. Kg2 1-0

[Event "1.FrauenBL 2018-19"]
[Site "Berlin"]
[Date "2019.03.02"]
[Round "10.7"]
[White "Exler, Veronika"]
[Black "Unuk, Laura"]
[Result "0-1"]
[ECO "E11"]
[WhiteElo "2287"]
[BlackElo "2266"]
[Annotator "NA"]
[PlyCount "54"]
[EventDate "2018.10.27"]
[EventType "team-tourn"]
[EventCountry "GER"]
[SourceTitle "playchess.com"]
[Source "ChessBase"]
[SourceQuality "1"]
[WhiteTeam "FC Bayern Muenchen"]
[BlackTeam "TuRa Harksheide"]
[TimeControl "40/5400+30:1800+30"]

1. d4 Nf6 2. c4 e6 3. g3 d5 4. Nf3 Bb4+ 5. Bd2 Be7 6. Bg2 O-O 7. Qc2 c6 8. O-O Nbd7 9. Rd1 Ne4 10. Be3 f5 11. Nfd2 Qe8 12. Nxe4 fxe4 13. f3 Nf6 14. Nd2 Bd6 15. Nf1 e5 16. cxd5 exf3 17. exf3 Nxd5 18. Bf2 Bf5 19. Qb3 e4 20. Re1 Qf7 21. f4 g5 22. Bxe4 gxf4 23. Bxf5 Qxf5 24. gxf4 Kh8 25. Ng3 Qg4 26. Qd3 Nxf4 27. Qe4 Nh3+ 0-1